TOP OF THE 1ST |
Irving Blue Sox batting - Pitching for Lancaster Farmers : RHP Roger Rodenburg
|
Pitching: RHP Roger Rodenburg
|
|
Batting: RHB Dale Goodman
|
0-0: Ball 1-0: Ball 2-0: Ball 3-0: Base on Balls
|
Batting: RHB Carlos Garza
|
0-0: Ball Dale Goodman steals 2nd base 1-0: Foul Ball, location: 2F 1-1: Foul Ball, location: 2F 1-2: Ball 2-2: Ball 3-2: Strikes out looking
|
Batting: LHB Salvador Ramírez
|
0-0: Called Strike 0-1: SINGLE (Flyball, 78S) Dale Goodman to third Runner from 3rd tries for Home, SAFE, throw made home
|
Batting: LHB Juan Jimínez
|
0-0: SINGLE (Line Drive, 89M) Salvador Ramírez to second Salvador Ramírez to third
|
Batting: SHB Ryan Wood
|
0-0: Ball 1-0: 3-RUN HOME RUN (Flyball, 9LD), Distance : 351 ft
|
Batting: RHB Vince Staples
|
0-0: Called Strike 0-1: Foul Ball, location: 2F 0-2: Ball 1-2: Ball 2-2: Fly out, F8 (Flyball, 8RD)
|
Batting: RHB Tom Boyer
|
0-0: Called Strike 0-1: Ground out 5-3 (Groundball, 56)
|
Top of the 1st over - 4 runs, 3 hits, 0 errors, 0 left on base; Irving 4 - Lancaster 0 |
BOTTOM OF THE 1ST |
Lancaster Farmers batting - Pitching for Irving Blue Sox : RHP Rich McLean
|
Pitching: RHP Rich McLean
|
|
Batting: LHB Francisco Barranco
|
0-0: Ground out 4-3 (Groundball, 4)
|
Batting: RHB José Medina
|
0-0: Fly out, F7 (Flyball, 7LS)
|
Batting: LHB Ramón Padilla
|
0-0: Ball 1-0: Called Strike 1-1: Ball 2-1: Foul Ball, location: 2F 2-2: Foul Ball, location: 2F 2-2: Foul Ball, location: 2F 2-2: Foul Ball, location: 2F 2-2: Ball 3-2: TRIPLE (Line Drive, 8LXD)
|
Batting: RHB Domingo Altamiraño
|
0-0: Ball 1-0: Foul Ball, location: 2F 1-1: Ball 2-1: Called Strike 2-2: Strikes out looking
|
Bottom of the 1st over - 0 runs, 1 hit, 0 errors, 1 left on base; Irving 4 - Lancaster 0 |
TOP OF THE 2ND |
Irving Blue Sox batting - Pitching for Lancaster Farmers : RHP Roger Rodenburg
|
Batting: RHB Enrique Gómez
|
0-0: Called Strike 0-1: Foul Ball, location: 2F 0-2: Ball 1-2: SINGLE (Flyball, 8RS)
|
Batting: RHB Javier Sandoval
|
0-0: Ground out 5-3 (Groundball, 56S) Enrique Gómez to second
|
Batting: RHB Dale Goodman
|
0-0: Ball Enrique Gómez steals 3rd base 1-0: Called Strike 1-1: Ball 2-1: 2-RUN HOME RUN (Flyball, 7LD), Distance : 351 ft
|
Batting: RHB Carlos Garza
|
0-0: Called Strike 0-1: Ground out 5-3 (Groundball, 56)
|
Batting: LHB Salvador Ramírez
|
0-0: Ball 1-0: Ball 2-0: Ball 3-0: Base on Balls
|
Batting: LHB Juan Jimínez
|
0-0: Ball 1-0: Swinging Strike 1-1: Ball 2-1: Fly out, F9 (Flyball, 89S)
|
Top of the 2nd over - 2 runs, 2 hits, 0 errors, 1 left on base; Irving 6 - Lancaster 0 |
BOTTOM OF THE 2ND |
Lancaster Farmers batting - Pitching for Irving Blue Sox : RHP Rich McLean
|
Batting: LHB Joe Davidson
|
0-0: Ball 1-0: Ground out 4-3 (Groundball, 4)
|
Batting: RHB Cisco Gómez
|
0-0: Ball 1-0: SINGLE (Line Drive, 7LS)
|
Batting: RHB Min-tae Yi
|
0-0: Ball 1-0: Ball 2-0: Ball 3-0: Base on Balls Cisco Gómez to second
|
Batting: RHB Rusty Fox
|
0-0: Called Strike 0-1: Ball 1-1: Swinging Strike 1-2: Foul Ball, location: 2F 1-2: Ball 2-2: Ball 3-2: Base on Balls Cisco Gómez to third Min-tae Yi to second
|
Batting: RHB Jesús Herrera
|
0-0: Called Strike 0-1: Called Strike 0-2: Ball 1-2: Ball 2-2: Foul Ball, location: 2F 2-2: Foul Ball, location: 2F 2-2: Strikes out swinging
|
Batting: LHB Francisco Barranco
|
0-0: Called Strike 0-1: Foul Ball, location: 2F 0-2: Ball 1-2: SINGLE (Flyball, 78S) Cisco Gómez scores Min-tae Yi to third Rusty Fox to second Runner from 3rd tries for Home, SAFE, no throw
|
Batting: RHB José Medina
|
0-0: Foul Ball, location: 2F 0-1: Foul Ball, location: 2F 0-2: Ball 1-2: Ball 2-2: Fly out, F8 (Flyball, 89M)
|
Bottom of the 2nd over - 2 runs, 2 hits, 0 errors, 2 left on base; Irving 6 - Lancaster 2 |
TOP OF THE 3RD |
Irving Blue Sox batting - Pitching for Lancaster Farmers : RHP Roger Rodenburg
|
Batting: SHB Ryan Wood
|
0-0: Ball 1-0: Hit by Pitch
|
Batting: RHB Vince Staples
|
0-0: SINGLE (Groundball, 34D) Ryan Wood to second Ryan Wood to third
|
Batting: RHB Tom Boyer
|
0-0: Ball 1-0: Ball 2-0: Ball 3-0: Called Strike 3-1: Called Strike 3-2: Foul Ball, location: 2F 3-2: Foul Ball, location: 2F 3-2: Base on Balls Vince Staples to second
|
Batting: RHB Enrique Gómez
|
0-0: Swinging Strike 0-1: Called Strike 0-2: Ball 1-2: Strikes out looking
|
Batting: RHB Javier Sandoval
|
0-0: Ball 1-0: Called Strike 1-1: Foul Ball, location: 2F 1-2: Ground out 5-3 (Groundball, 56S) Ryan Wood scores Vince Staples to third Tom Boyer to second
|
Pitching: RHP Jorge Morales
|
|
Batting: RHB Dale Goodman
|
0-0: Foul Ball, location: 2F 0-1: Ball 1-1: Called Strike 1-2: Foul Ball, location: 2F 1-2: Reached on error, E5 (Groundball, 56) Vince Staples scores Tom Boyer to third
|
Batting: RHB Carlos Garza
|
0-0: Foul Ball, location: 2F 0-1: Swinging Strike 0-2: Ball 1-2: Ball 2-2: SINGLE (Flyball, 89S) Tom Boyer scores Dale Goodman to second Runner from 2nd tries for 3rd, SAFE, no throw
|
Batting: LHB Salvador Ramírez
|
0-0: Swinging Strike 0-1: Ball 1-1: Called Strike 1-2: Ball 2-2: Fly out, F7 (Flyball, 7LD)
|
Top of the 3rd over - 3 runs, 2 hits, 1 error, 2 left on base; Irving 9 - Lancaster 2 |
BOTTOM OF THE 3RD |
Lancaster Farmers batting - Pitching for Irving Blue Sox : RHP Rich McLean
|
Batting: LHB Ramón Padilla
|
0-0: Ball 1-0: Ball 2-0: Ball 3-0: Base on Balls
|
Batting: RHB Domingo Altamiraño
|
0-0: Ball 1-0: Ball 2-0: Called Strike 2-1: Ball 3-1: Base on Balls Ramón Padilla to second
|
Batting: LHB Joe Davidson
|
0-0: Called Strike 0-1: Ball 1-1: Ball 2-1: Ball 3-1: Base on Balls Ramón Padilla to third Domingo Altamiraño to second
|
Batting: RHB Cisco Gómez
|
0-0: Foul Ball, location: 2F 0-1: Ball 1-1: Ball 2-1: Ball 3-1: Base on Balls Ramón Padilla scores Domingo Altamiraño to third Joe Davidson to second
|
Batting: RHB Min-tae Yi
|
0-0: Foul Ball, location: 2F 0-1: Fly out, F8 (Flyball, 8LM) Runner from 3rd tags up, OUT at HOME Joe Davidson to third Cisco Gómez to second
|
Batting: RHB Rusty Fox
|
0-0: Foul Ball, location: 2F 0-1: Foul Ball, location: 2F 0-2: SINGLE (Groundball, 34S) (infield hit) Joe Davidson scores Cisco Gómez to third
|
Batting: RHB Jesús Herrera
|
0-0: Called Strike 0-1: Ball 1-1: Fly out, F5 (Line Drive, 5S)
|
Bottom of the 3rd over - 2 runs, 1 hit, 0 errors, 2 left on base; Irving 9 - Lancaster 4 |
TOP OF THE 4TH |
Irving Blue Sox batting - Pitching for Lancaster Farmers : RHP Jorge Morales
|
Batting: LHB Juan Jimínez
|
0-0: Called Strike 0-1: Called Strike 0-2: Ball 1-2: Ball 2-2: Strikes out looking
|
Batting: SHB Ryan Wood
|
0-0: Swinging Strike 0-1: Swinging Strike 0-2: Foul Ball, location: 2F 0-2: Ball 1-2: Ball 2-2: Foul Ball, location: 2F 2-2: Ground out 6-3 (Groundball, 6MD)
|
Batting: RHB Vince Staples
|
0-0: Ball 1-0: Ball 2-0: Ball 3-0: Called Strike 3-1: Foul Ball, location: 2F 3-2: Foul Ball, location: 2F 3-2: Ground out U3 (Groundball, 34S)
|
Top of the 4th over - 0 runs, 0 hits, 0 errors, 0 left on base; Irving 9 - Lancaster 4 |
BOTTOM OF THE 4TH |
Lancaster Farmers batting - Pitching for Irving Blue Sox : RHP Rich McLean
|
Batting: LHB Francisco Barranco
|
0-0: SINGLE (Groundball, 34) (infield hit)
|
Batting: RHB José Medina
|
0-0: Called Strike 0-1: Grounds into double play, 4-6-3 (Groundball, 4)
|
Batting: LHB Ramón Padilla
|
0-0: Called Strike 0-1: Fly out, F4 (Popup, 4M)
|
Bottom of the 4th over - 0 runs, 1 hit, 0 errors, 0 left on base; Irving 9 - Lancaster 4 |
TOP OF THE 5TH |
Irving Blue Sox batting - Pitching for Lancaster Farmers : RHP Jorge Morales
|
Batting: RHB Tom Boyer
|
0-0: Ball 1-0: Foul Ball, location: 2F 1-1: Ball 2-1: Called Strike 2-2: Foul Ball, location: 2F 2-2: Ground out 5-3 (Groundball, 5L)
|
Batting: RHB Enrique Gómez
|
0-0: Ball 1-0: Ball 2-0: Called Strike 2-1: Foul Ball, location: 2F 2-2: Foul Ball, location: 2F 2-2: Foul Ball, location: 2F 2-2: Foul Ball, location: 2F 2-2: Fly out, F8 (Flyball, 8RM)
|
Batting: RHB Javier Sandoval
|
0-0: Ground out 5-3 (Groundball, 56)
|
Top of the 5th over - 0 runs, 0 hits, 0 errors, 0 left on base; Irving 9 - Lancaster 4 |
BOTTOM OF THE 5TH |
Lancaster Farmers batting - Pitching for Irving Blue Sox : RHP Rich McLean
|
Batting: RHB Domingo Altamiraño
|
0-0: Called Strike 0-1: Ball 1-1: Fly out, F8 (Flyball, 89M)
|
Batting: LHB Joe Davidson
|
0-0: Foul Ball, location: 2F 0-1: Ball 1-1: Foul Ball, location: 2F 1-2: Strikes out looking
|
Batting: RHB Cisco Gómez
|
0-0: Swinging Strike 0-1: Ground out 5-3 (Groundball, 56)
|
Bottom of the 5th over - 0 runs, 0 hits, 0 errors, 0 left on base; Irving 9 - Lancaster 4 |
TOP OF THE 6TH |
Irving Blue Sox batting - Pitching for Lancaster Farmers : RHP Jorge Morales
|
Batting: RHB Dale Goodman
|
0-0: Foul Ball, location: 2F 0-1: Ball 1-1: SINGLE (Line Drive, 7S)
|
Batting: RHB Carlos Garza
|
0-0: Swinging Strike 0-1: Ball 1-1: Foul Ball, location: 2F 1-2: Fly out, F6 (Line Drive, 6)
|
Pitching: RHP Fidelio Zeri
|
|
Batting: LHB Salvador Ramírez
|
0-0: Called Strike 0-1: Foul Ball, location: 2F 0-2: Ball 1-2: Ball 2-2: Ball 3-2: DOUBLE (Line Drive, 9LM) Dale Goodman to third Runner from 3rd tries for Home, SAFE, throw made at trailing runner, OUT at third!
|
Batting: LHB Juan Jimínez
|
0-0: Foul Ball, location: 2F 0-1: Called Strike 0-2: Ground out 4-3 (Groundball, 4)
|
Top of the 6th over - 1 run, 2 hits, 0 errors, 0 left on base; Irving 10 - Lancaster 4 |
BOTTOM OF THE 6TH |
Lancaster Farmers batting - Pitching for Irving Blue Sox : RHP Rich McLean
|
Batting: RHB Min-tae Yi
|
0-0: Foul Ball, location: 2F 0-1: Ground out 5-3 (Groundball, 56)
|
Batting: RHB Rusty Fox
|
0-0: Ball 1-0: Swinging Strike 1-1: Called Strike 1-2: Foul Ball, location: 2F 1-2: Ball 2-2: Ball 3-2: Foul Ball, location: 2F 3-2: Strikes out looking
|
Batting: RHB Jesús Herrera
|
0-0: Ball 1-0: Ball 2-0: Called Strike 2-1: Ball 3-1: Base on Balls
|
Batting: LHB Francisco Barranco
|
0-0: Ball 1-0: Ball 2-0: Foul Ball, location: 2F 2-1: Foul Ball, location: 2F 2-2: Ball 3-2: Base on Balls Jesús Herrera to second
|
Pitching: RHP Pancho Chacón
|
|
Batting: RHB José Medina
|
0-0: Ball 1-0: Reached on error, E4 (Groundball, 4) Jesús Herrera to third Francisco Barranco to second
|
Batting: LHB Ramón Padilla
|
0-0: SINGLE (Groundball, 34S) (infield hit) Jesús Herrera scores Francisco Barranco to third José Medina to second
|
Batting: RHB Domingo Altamiraño
|
0-0: Ball 1-0: Foul Ball, location: 2F 1-1: Called Strike 1-2: Ball 2-2: Foul Ball, location: 2F 2-2: Foul Ball, location: 2F 2-2: Strikes out swinging
|
Bottom of the 6th over - 1 run, 1 hit, 1 error, 3 left on base; Irving 10 - Lancaster 5 |
TOP OF THE 7TH |
Irving Blue Sox batting - Pitching for Lancaster Farmers : RHP Fidelio Zeri
|
Batting: SHB Ryan Wood
|
0-0: Swinging Strike 0-1: Ball 1-1: Swinging Strike 1-2: Ball 2-2: Ball 3-2: DOUBLE (Line Drive, 8RXD)
|
Batting: RHB Vince Staples
|
0-0: Ball 1-0: Called Strike 1-1: SINGLE (Groundball, 6MD) Ryan Wood to third
|
Batting: RHB Tom Boyer
|
0-0: Ball 1-0: Foul Ball, location: 2F 1-1: Called Strike 1-2: Foul Ball, location: 2F 1-2: Ground out 6-3 (Groundball, 6) Vince Staples to second
|
Batting: RHB Enrique Gómez
|
0-0: Ball 1-0: Ball 2-0: Foul Ball, location: 2F 2-1: Foul Ball, location: 2F 2-2: Ground out 5-3 (Groundball, 56)
|
Batting: RHB Javier Sandoval
|
0-0: Ball 1-0: Foul Ball, location: 2F 1-1: Foul Ball, location: 2F 1-2: Ball 2-2: SINGLE (Line Drive, 78S) Ryan Wood scores Vince Staples to third Runner from 3rd tries for Home, SAFE, no throw
|
Batting: RHB Dale Goodman
|
0-0: Foul Ball, location: 2F 0-1: Ball 1-1: Fielders Choice at 2nd, 6-4 (Groundball, 6)
|
Top of the 7th over - 2 runs, 3 hits, 0 errors, 1 left on base; Irving 12 - Lancaster 5 |
BOTTOM OF THE 7TH |
Lancaster Farmers batting - Pitching for Irving Blue Sox : RHP Pancho Chacón
|
Batting: LHB Joe Davidson
|
0-0: Swinging Strike 0-1: Foul Ball, location: 2F 0-2: Fly out, F7 (Flyball, 7S)
|
Batting: RHB Cisco Gómez
|
0-0: Called Strike 0-1: Ball 1-1: Ball 2-1: Called Strike 2-2: Foul Ball, location: 2F 2-2: Ball 3-2: Base on Balls
|
Batting: RHB Min-tae Yi
|
0-0: SINGLE (Line Drive, 6MD) Cisco Gómez to second
|
Batting: RHB Rusty Fox
|
0-0: Foul Ball, location: 2F 0-1: Foul Ball, location: 2F 0-2: Foul Ball, location: 2F 0-2: Ball 1-2: Strikes out swinging
|
Batting: RHB Jesús Herrera
|
0-0: Called Strike 0-1: Ball 1-1: Called Strike 1-2: Ground out 6-3 (Groundball, 6M)
|
Bottom of the 7th over - 0 runs, 1 hit, 0 errors, 2 left on base; Irving 12 - Lancaster 5 |
TOP OF THE 8TH |
Irving Blue Sox batting - Pitching for Lancaster Farmers : RHP Fidelio Zeri
|
Batting: RHB Carlos Garza
|
0-0: SINGLE (Flyball, 8LM)
|
Batting: LHB Salvador Ramírez
|
0-0: Called Strike 0-1: Ball 1-1: SINGLE (Groundball, 34D) Carlos Garza to second Runner from 2nd tries for 3rd, SAFE, no throw
|
Batting: LHB Juan Jimínez
|
0-0: Called Strike 0-1: Foul Ball, location: 2F 0-2: Ball 1-2: Foul Ball, location: 2F 1-2: SINGLE (Groundball, 4D) Carlos Garza scores Salvador Ramírez to second
|
Batting: SHB Ryan Wood
|
0-0: Ball 1-0: Ball 2-0: Fly out, F7 (Flyball, 7D)
|
Batting: RHB Vince Staples
|
0-0: Ball 1-0: Ball 2-0: Foul Ball, location: 2F 2-1: SINGLE (Line Drive, 7S) Salvador Ramírez to third Juan Jimínez to second Runner from 3rd tries for Home, SAFE, no throw
|
Batting: RHB Tom Boyer
|
0-0: Ball 1-0: Swinging Strike 1-1: Called Strike 1-2: Foul Ball, location: 2F 1-2: Ball 2-2: Strikes out swinging
|
Batting: RHB Enrique Gómez
|
0-0: Ball 1-0: Called Strike 1-1: Foul Ball, location: 2F 1-2: Ball 2-2: Ball 3-2: Fly out, F8 (Flyball, 8RD)
|
Top of the 8th over - 2 runs, 4 hits, 0 errors, 2 left on base; Irving 14 - Lancaster 5 |
BOTTOM OF THE 8TH |
Lancaster Farmers batting - Pitching for Irving Blue Sox : RHP Pancho Chacón
|
Batting: LHB Francisco Barranco
|
0-0: Ball 1-0: Called Strike 1-1: Ball 2-1: Foul Ball, location: 2F 2-2: Ball 3-2: DOUBLE (Flyball, 8RD)
|
Batting: RHB José Medina
|
0-0: Ball 1-0: Ball 2-0: SINGLE (Flyball, 8LS) Francisco Barranco to third
|
Batting: LHB Ramón Padilla
|
0-0: Ball 1-0: Called Strike 1-1: Swinging Strike 1-2: TRIPLE (Flyball, 78XD) Francisco Barranco scores José Medina scores
|
Batting: RHB Domingo Altamiraño
|
0-0: Foul Ball, location: 2F 0-1: Fly out, F8 (Flyball, 8LM) Runner from 3rd tags up, SCORES, throw made
|
Batting: LHB Joe Davidson
|
0-0: Ball 1-0: Called Strike 1-1: Foul Ball, location: 2F 1-2: Foul Ball, location: 2F 1-2: Foul Ball, location: 2F 1-2: Foul Ball, location: 2F 1-2: Ball 2-2: Foul Ball, location: 2F 2-2: Foul Ball, location: 2F 2-2: Ground out 4-3 (Groundball, 4)
|
Batting: RHB Cisco Gómez
|
0-0: Called Strike 0-1: Ground out 5-3 (Groundball, 56)
|
Bottom of the 8th over - 3 runs, 3 hits, 0 errors, 0 left on base; Irving 14 - Lancaster 8 |
TOP OF THE 9TH |
Irving Blue Sox batting - Pitching for Lancaster Farmers : RHP Fidelio Zeri
|
Pitching: RHP Víctor Trujillo
|
|
Batting: RHB Javier Sandoval
|
0-0: Foul Ball, location: 2F 0-1: Ball 1-1: Swinging Strike 1-2: Strikes out swinging
|
Batting: RHB Dale Goodman
|
0-0: Ball 1-0: Ball 2-0: Ball 3-0: Base on Balls
|
Batting: RHB Carlos Garza
|
0-0: Called Strike 0-1: Fielders Choice at 2nd, 1-6 (Groundball, 13S)
|
Batting: LHB Salvador Ramírez
|
0-0: Ball 1-0: Called Strike 1-1: Ball 2-1: DOUBLE (Line Drive, 7LM) Carlos Garza to third Runner from 3rd tries for Home, SAFE, no throw
|
Batting: LHB Juan Jimínez
|
0-0: Ball 1-0: Foul Ball, location: 2F 1-1: Ball 2-1: Ball 3-1: Base on Balls
|
Batting: SHB Ryan Wood
|
0-0: Swinging Strike 0-1: Swinging Strike 0-2: Foul Ball, location: 2F 0-2: Ball 1-2: Strikes out swinging
|
Top of the 9th over - 1 run, 1 hit, 0 errors, 2 left on base; Irving 15 - Lancaster 8 |
BOTTOM OF THE 9TH |
Lancaster Farmers batting - Pitching for Irving Blue Sox : RHP Pancho Chacón
|
Now in LF: Ed Gordon
|
|
Batting: RHB Min-tae Yi
|
0-0: Called Strike 0-1: Called Strike 0-2: Ball 1-2: SINGLE (Groundball, 34D)
|
Pitching: RHP Keith Belcher
|
|
Batting: RHB Rusty Fox
|
0-0: Ball 1-0: Ball 2-0: Ball 3-0: Foul Ball, location: 2F 3-1: Fielders Choice at 2nd, 4-6 (Groundball, 34)
|
Batting: RHB Jesús Herrera
|
0-0: Called Strike 0-1: Grounds into double play, 6-4-3 (Groundball, 6)
|
Bottom of the 9th over - 0 runs, 1 hit, 0 errors, 0 left on base; Irving 15 - Lancaster 8 |
|